Match 46701471
Unlisted

Match 46701471
End
Selects Airborne Battlegroup
Selects Heavy Machine Gun Paradrop
Selects Heavy Machine Gun Paradrop
Heavy Machine Gun Paradrop
Engineer Squad
Construct Barracks
Riflemen Squad
Heavy Machine Gun Paradrop
Riflemen Squad
Engineer Squad
Grenade Package
Selects Paratrooper Squad Paradrop
Infantry Support Center
Paratrooper Squad Paradrop
Construct Tank Depot
Selects Anti-tank Gun Team Paradrop
M4A1 Sherman Medium Tank
Anti-tank Gun Team Paradrop
Selects Recon Loiter
Recon Loiter
M4(105) Sherman Bulldozer
Selects Supply Drop
Supply Drop
Recon Loiter
Anti-tank Gun Team Paradrop
Heavy Machine Gun Paradrop
Recon Loiter
M4A1 Sherman Medium Tank
Supply Drop
Recon Loiter
Engineer Squad
M18 Hellcat Tank Destroyer
Recon Loiter
Anti-tank Gun Team Paradrop
Recon Loiter
Heavy Machine Gun Paradrop
Selects Carpet Bombing Run
Carpet Bombing Run
M4A1 Sherman Medium Tank
Recon Loiter
Engineer Squad
Recon Loiter
Carpet Bombing Run
Recon Loiter
Carpet Bombing Run
Supply Drop
Anti-tank Gun Team Paradrop
Recon Loiter
M4A1 Sherman Medium Tank
Recon Loiter
Carpet Bombing Run
M18 Hellcat Tank Destroyer
M18 Hellcat Tank Destroyer
Recon Loiter
Anti-tank Gun Team Paradrop
Carpet Bombing Run
MightySwift
Cpt Darling
Nylon
Cooter McGavin
0
0

Comments sign in to comment!

No comments posted yet!